 Dungeon Crawl Stone Soup version 0.24.1-8-ga250c9d538 (webtiles) character file.

Game seed: 11358406333885966840, levelgen mode: deterministic

570 Curus the Spear-Bearer (level 7, -3/57 HPs)
             Began as a Minotaur Fighter on May 7, 2020.
             Was a Follower of Makhleb.
             Slain by Pikel
             ... wielding a +1 whip of electrocution
              (18 damage)
             ... while paralysed by Pikel
             ... on level 5 of the Dungeon.
             The game lasted 00:19:07 (2713 turns).

Curus the Spear-Bearer (Minotaur Fighter)           Turns: 2713, Time: 00:19:07

Health: -3/57      AC:  9    Str: 21    XL:     7   Next: 11%
Magic:  6/6        EV:  2    Int:  7    God:    Makhleb [*.....]
Gold:   185        SH:  0    Dex:  9    Spells: 6/6 levels left

rFire    . . .     SeeInvis .   p - +0 trident (flame)
rCold    + . .     Gourm    .   c - +0 shield
rNeg     . . .     Faith    .   o - +0 chain mail
rPois    .         Spirit   .   (helmet restricted)
rElec    .         Reflect  .   (no cloak)
rCorr    .         Harm     .   (no gloves)
MR       .....                  (no boots)
Stlth    ..........             (no amulet)
HPRegen  0.19/turn              h - ring of protection from cold
MPRegen  0.10/turn              (no ring)

@: paralysed
A: retaliatory headbutt, horns 2
a: Renounce Religion


You were on level 5 of the Dungeon.
You worshipped Makhleb.
Makhleb was aware of your devotion.
You were not hungry.

You visited 1 branch of the dungeon, and saw 5 of its levels.
You also visited: Sewer.

You collected 185 gold pieces.

Inventory:

Hand Weapons
 a - a +1 trident
 p - a +0 trident of flaming (weapon)
Armour
 b - a +0 scale mail
 c - a +0 shield (worn)
 o - a +0 chain mail (worn)
Jewellery
 h - a ring of protection from cold (left hand)
 m - an uncursed ring of ice
 t - an uncursed ring of fire
Wands
 l - a wand of flame (1)
 q - a wand of acid (10)
Scrolls
 e - 6 scrolls of remove curse
 j - 3 scrolls of blinking
 k - a scroll of fog
 n - 4 scrolls of identify
 s - 2 scrolls of teleportation
Potions
 d - 2 potions of might
 g - 2 potions of magic
 i - 2 potions of curing
 r - a potion of berserk rage
 u - a potion of heal wounds
Comestibles
 f - 7 rations


   Skills:
 - Level 3.6 Fighting
 + Level 9.4 Polearms
 - Level 3.6 Armour
 - Level 3.6 Shields


You had 6 spell levels left.
You didn't know any spells.
Your spell library contained the following spells:

 Spells                   Type           Power        Failure   Level  Hunger
 Animate Skeleton         Necr           N/A          100%        1    ##.....
 Apportation              Tloc           #.....       100%        1    ##.....
 Confusing Touch          Hex            #.....       100%        1    ##.....
 Corona                   Hex            #......      100%        1    ##.....
 Summon Small Mammal      Summ           #...         100%        1    ##.....
 Ensorcelled Hibernation  Hex/Ice        #.....       100%        2    ###....
 Confuse                  Hex            #.......     100%        3    ####...
 Dazzling Spray           Conj/Hex       #.....       100%        3    ####...
 Tukima's Dance           Hex            #.......     100%        3    ####...


Dungeon Overview and Level Annotations

Branches:
Dungeon (5/15)             Temple (0/1) D:5           Sewer (visited)

Altars:
Makhleb
Ru
Uskayaw
Vehumet
Wu Jian

Annotations:
D:3 Grinder
D:4 2 transporters, lllmatko's ghost, amateur MiBe
D:5 3 runed translucent doors, FTLSpaceWarp's ghost, novice GrFi; Pikel; Struensee's ghost, novice OgBe; spacerossing's ghost, amateur GnFi


Innate Abilities, Weirdness & Mutations

You reflexively headbutt those who attack you in melee.
You have a pair of horns on your head.


Message History

A slave comes into view.
You barely miss Pikel. Your headbutt misses Pikel.
You hit Pikel but do no damage. Your headbutt misses Pikel.
Pikel hits you but does no damage.
You hit Pikel. You burn Pikel.
Pikel is lightly wounded.
Pikel zaps a wand.
You suddenly lose the ability to move!
A slave comes into view.
Pikel hits you with a +1 whip of electrocution.
Pikel says, "It's all about the gold, really."
Pikel hits you but does no damage. Pikel hits you but does no damage.
You are electrocuted!
Pikel hits you with a +1 whip of electrocution.
You are electrocuted!
* * * LOW HITPOINT WARNING * * *
Pikel says, "You will build my throne, and die beneath it!"
Pikel hits you with a +1 whip of electrocution.
* * * LOW HITPOINT WARNING * * *
You are electrocuted!!
You die...

#.# ##.## #.# ##...## #..
..... ### ######...####.#
.......p.!..p.. #p# #p# #K#
#@# #.# ########### #.#
###.........# #.#
⌠P#..######.# #.# ###########
.W#..# #.####.# #.........#
.W#..######...##.###.#######.#
.W+..##.....#.#...##.# #.#
.W+..##.###........#.# #.#


You could see Pikel and 3 slaves.

Vanquished Creatures
  A sky beast (D:5)
  A slave (D:5)
  A crocodile (Sewer)
  2 crimson imps
  An orc priest (D:3)
  A bullfrog skeleton (D:5)
  Ijyb (D:4)
  A worker ant (D:5)
  A hound zombie (D:5)
  A hound skeleton (D:4)
  9 adders
  A shadow imp (D:5)
  An ooze (D:1)
  3 dart slugs
  5 leopard geckos
  10 orcs
  5 bats
  7 giant cockroaches
  8 goblins
  6 hobgoblins
  10 jackals
  3 quokkas
  A ball python (D:2)
  6 frilled lizards
  11 kobolds
  5 rats
102 creatures vanquished.

Vanquished Creatures (others)
  5 toadstools (D:1)
  A withered plant (D:5)
6 creatures vanquished.

Grand Total: 108 creatures vanquished

Notes
Turn   | Place    | Note
-------+----------+-------------------------------------------
     0 | D:1      | Curus the Minotaur Fighter began the quest for the Orb.
     0 | D:1      | Reached XP level 1. HP: 19/19 MP: 0/0
   106 | D:1      | Reached skill level 3 in Polearms
   144 | D:1      | Reached XP level 2. HP: 23/26 MP: 1/1
   571 | D:2      | Reached skill level 4 in Polearms
   615 | D:2      | Reached XP level 3. HP: 18/31 MP: 2/2
   742 | D:2      | Reached skill level 5 in Polearms
   894 | D:2      | Reached XP level 4. HP: 39/39 MP: 3/3
  1237 | D:3      | Reached skill level 6 in Polearms
  1290 | D:3      | Found a burning altar of Makhleb.
  1291 | D:3      | Found a radiant altar of Vehumet.
  1297 | D:3      | Reached XP level 5. HP: 32/45 MP: 4/4
  1306 | D:3      | Became a worshipper of Makhleb the Destroyer
  1588 | D:3      | Reached skill level 7 in Polearms
  1638 | D:3      | Noticed Grinder
  1658 | D:4      | Noticed Ijyb
  1684 | D:4      | Reached * piety under Makhleb
  1735 | D:4      | Killed Ijyb
  1738 | D:4      | Found a transporter.
  1739 | D:4      | Noticed lllmatko's ghost (amateur MiBe)
  1740 | D:4      | Found a transporter.
  1754 | D:4      | Found a hide-covered altar of Uskayaw.
  1754 | D:4      | Noticed a +0 hand axe
  1755 | D:4      | Noticed a +0 hand axe
  1824 | D:4      | Reached XP level 6. HP: 40/51 MP: 5/5
  1829 | D:4      | Found a sacrificial altar of Ru.
  1829 | D:4      | Found an ornate altar of the Wu Jian Council.
  2121 | D:5      | Entered Level 5 of the Dungeon
  2138 | D:5      | Reached skill level 8 in Polearms
  2153 | D:5      | Noticed a sky beast
  2159 | D:5      | Killed a sky beast
  2249 | D:5      | Found a staircase to the Ecumenical Temple.
  2305 | D:5      | Reached skill level 9 in Polearms
  2382 | D:5      | Found a glowing drain.
  2408 | Sewer    | Entered a sewer
  2419 | Sewer    | Reached ** piety under Makhleb
  2474 | Sewer    | Reached XP level 7. HP: 56/57 MP: 6/6
  2652 | D:5      | Found a runed translucent gate.
  2654 | D:5      | Found a runed translucent gate.
  2654 | D:5      | Found a runed translucent gate.
  2660 | D:5      | Noticed spacerossing's ghost (amateur GnFi)
  2660 | D:5      | Noticed FTLSpaceWarp's ghost (novice GrFi)
  2660 | D:5      | Noticed Struensee's ghost (novice OgBe)
  2700 | D:5      | Noticed Pikel
  2708 | D:5      | Paralysed by Pikel for 6 turns
  2713 | D:5      | Slain by Pikel

Levels and vault maps discovered:
D:1:      ldierk_walled_garden, layout_basic
D:2:      layout_loops_cross
D:3:      layout_rooms, grunt_temple_overflow_lords_of_destruction, uniq_grinder
D:4:      layout_rooms, chequers_temple_overflow_statue_of_worship,
          dancing_weapons_uskayaw, gammafunk_ghost_smash, first_ration,
          uniq_ijyb
D:5:      layout_loops_corners, minmay_temple_entry_waves,
          gammafunk_ghost_cemetery, portal_sewer_entry_f, uniq_pikel

Skill      XL: |  1  2  3  4  5  6 |
---------------+-------------------+-----
Polearms       | 3 4 5 6 7 9 |  9.4
Fighting       | |  3.6
Armour         | |  3.6
Shields        | |  3.6

Action                   |  1- 3 |  4- 6 |  7- 9 || total
-------------------------+-------+-------+-------++-------
Melee: Trident           |    94 |   229 |    17 ||   340
       Headbutt          |     8 |    22 |     2 ||    32
  Use: Scroll            |     5 |     4 |       ||     9
       Potion            |     2 |     4 |     1 ||     7
  Eat: Chunk             |       |     3 |       ||     3
       Ration            |       |     1 |       ||     1
Armor: Scale mail        |    30 |    49 |       ||    79
       Chain mail        |       |    26 |     5 ||    31
Dodge: Dodged            |    16 |    50 |       ||    66
Block: Shield            |    29 |    91 |     5 ||   125
